 Dungeon Crawl Stone Soup version 0.29.1-1-gd02db6906a (webtiles) character file.

Game seed: 11004017611818045608

98 xian the Caller (level 4, 0/31 HPs)
             Began as a Demonspawn Summoner on Oct 6, 2022.
             Killed from afar by an orc wizard (5 damage)
             ... with a magic dart
             ... on level 4 of the Dungeon.
             The game lasted 00:09:20 (3669 turns).

xian the Caller (Demonspawn Summoner)               Turns: 3669, Time: 00:09:21

Health: 0/31       AC:  5    Str:  9    XL:     4   Next: 43%
Magic:  2/7        EV: 11    Int: 18    God:
Gold:   229        SH:  5    Dex: 13    Spells: 5/8 levels left

rFire   . . .      SeeInvis .   w - +0 arbalest
rCold   . . .      Faith    .   (shield currently unavailable)
rNeg    . . .      Spirit   .   r - +0 leather armour
rPois   +          Reflect  +   (helmet restricted)
rElec   .          Harm     .   (no cloak)
rCorr   .          Rampage  .   (no gloves)
Will    .....                   f - +1 pair of boots
Stlth   ++........              p - amulet of reflection
HPRegen 0.10/turn               i - ring of poison resistance
MPRegen 0.10/turn               (no ring)

@: no status effects
A: horns 1, powered by death 2
a: no special abilities


You were on level 4 of the Dungeon.
You visited 1 branch of the dungeon, and saw 4 of its levels.

You collected 229 gold pieces.

Inventory:

Hand Weapons
 g - a +0 dagger
 w - a +0 arbalest (weapon)
Missiles
 s - a throwing net
Armour
 f - a +1 pair of boots (worn)
 r - a +0 leather armour (worn)
Jewellery
 i - a ring of poison resistance (left hand)
 p - an amulet of reflection (around neck)
Wands
 a - a wand of paralysis (10)
Scrolls
 d - a scroll of silence {unknown}
 e - 4 scrolls of identify {unknown}
 h - a scroll of immolation {unknown}
 o - a scroll of enchant weapon {unknown}
 q - a scroll of acquirement {unknown}
 u - a scroll of vulnerability {unknown}
 x - a scroll of fog {unknown}
 y - a scroll of noise {unknown}
 A - 2 scrolls of teleportation {unknown}
Potions
 b - a potion of magic
 c - a potion of mutation {unknown}
 j - a potion of brilliance {unknown}
 k - a potion of heal wounds {unknown}
 l - a potion of curing {unknown}
 m - a potion of might {unknown}
 n - a potion of flight {unknown}
 t - 3 potions of attraction {unknown}
 v - a potion of degeneration {unknown}
 z - a potion of berserk rage {unknown}


   Skills:
 + Level 0.3 Fighting
 + Level 0.2 Short Blades
 + Level 0.4 Ranged Weapons
 + Level 0.1 Armour
 + Level 2.1 Dodging
 + Level 1.9 Stealth
 + Level 2.6 Spellcasting
 + Level 5.1 Summonings


You had 5 spell levels left.
You knew the following spells:

 Your Spells              Type           Power      Damage    Failure   Level
a - Summon Small Mammal   Summ           80%        N/A       3%          1
b - Call Imp              Summ           20%        N/A       4%          2

Your spell library contained the following spells:

 Spells                   Type           Power      Damage    Failure   Level
 Call Canine Familiar     Summ           20%        N/A       9%          3
 Summon Guardian Golem    Hex/Summ       11%        N/A       26%         3
 Summon Lightning Spire   Summ/Air       11%        N/A       63%         4
 Corpse Rot               Necr/Pois/Air  2%         N/A       94%         4
 Dispel Undead            Necr           2%         3d7       94%         4
 Death Channel            Necr           1%         N/A       100%        6


Dungeon Overview and Level Annotations

Branches:
Dungeon (4/15)
 Temple: D:4-7

Altars:
Wu Jian


Innate Abilities, Weirdness & Mutations

You have a pair of small horns on your head.
You regenerate health from kills.


Message History

Confirm with . or Enter, or press ? or * to list all spells.
A magic dart appears from out of thin air!
The magic dart hits you!
Fire: w) +0 arbalest
Press: ? - help, Q - select action, (/) - cycle Shift-Dir - straight line You shoot a bolt.
Your rat bites something but does no damage.
Something hits you but does no damage.
Your rat barely misses something.
Unknown command.
Fire: w) +0 arbalest
Press: ? - help, Q - select action, (/) - cycle Shift-Dir - straight line You shoot a bolt.
Something hits you but does no damage.
Your rat bites something.
You hear some strange, mumbled words.
A magic dart appears from out of thin air!
The magic dart hits you.
* * * LOW HITPOINT WARNING * * *
Fire: w) +0 arbalest
Press: ? - help, Q - select action, (/) - cycle Shift-Dir - straight line You shoot a bolt.
Your rat barely misses something.
Something hits you but does no damage.
Your rat bites something but does no damage.
Something hits you.
* * * LOW HITPOINT WARNING * * *
Fire: w) +0 arbalest
Press: ? - help, Q - select action, (/) - cycle Shift-Dir - straight line, f - you Really target yourself? [Y]es or [N]o only, please.
Really target yourself?
Okay, then.
Fire: w) +0 arbalest
Press: ? - help, Q - select action, (/) - cycle Shift-Dir - straight line You shoot a bolt.
An orc wizard appears from thin air!
Reactivating autopickup.
Your rat bites the orc wizard but does no damage.
Your quokka misses the orc wizard.
Your iron imp hits the orc wizard!
The orc wizard points at you and mumbles some strange words.
The magic dart hits you.
You die...

......................########
........................##...##
..............................###
................................#
...........................#.....
............................##...
.............................##..
..................r..........<##.
................@o...............
................r5....<..........
.....................<.........[.
.................................
.................................
.................................
..... ...........................
..... ....................#.[.
..... ...................##...


You could see an orc wizard (ally target), a friendly iron imp (summoned), a
friendly quokka (summoned) and a friendly rat (summoned).

Vanquished Creatures
  5 orcs
  A ball python (D:1)
  An endoplasm (D:1)
  A giant cockroach (D:3)
  2 goblins
  2 kobolds
  3 frilled lizards
  3 rats
18 creatures vanquished.

Vanquished Creatures (collateral kills)
  A hound (D:4)
  2 adders
  A worm (D:2)
  An orc (D:3)
  An endoplasm (D:1)
  2 giant cockroaches
  4 goblins
  2 hobgoblins (D:1)
  A quokka (D:2)
  2 ball pythons (D:2)
  A bat (D:2)
  2 frilled lizards
  2 rats (D:1)
22 creatures vanquished.

Grand Total: 40 creatures vanquished

Notes
Turn   | Place    | Note
-------+----------+-------------------------------------------
     0 | D:1      | xian the Demonspawn Summoner began the quest for the Orb.
     0 | D:1      | Reached XP level 1. HP: 13/13 MP: 3/3
   604 | D:1      | Gained mutation: You regenerate a little health from kills.
                  | [demonic ancestry]
   604 | D:1      | Reached XP level 2. HP: 14/19 MP: 3/5
   918 | D:1      | Learned a level 2 spell: Call Imp
  1246 | D:2      | Found a faded altar of an unknown god.
  1451 | D:1      | Gained mutation: You have a pair of small horns on your
                  | head. [demonic ancestry]
  1451 | D:1      | Reached XP level 3. HP: 9/24 MP: 1/6
  2127 | D:2      | You fall into a shaft and drop 2 floors!
  2191 | D:4      | Reached skill level 5 in Summonings
  2338 | D:3      | Gained mutation: You regenerate health from kills. [demonic
                  | ancestry]
  2338 | D:3      | Reached XP level 4. HP: 15/30 MP: 2/7
  2894 | D:3      | Found an ornate altar of the Wu Jian Council.
  3669 | D:4      | Killed from afar by an orc wizard

Illustrated notes

Levels and vault maps discovered:
D:1:      tarquinn_simple_flora_water_b, layout_basic, minmay_pentomino_o2
D:2:      layout_rooms, nicolae_ecumenical_pavilion
D:3:      layout_loops_ring, nicolae_wu_jian_wuxing_cycle,
          minmay_strange_pillars
D:4:      layout_layer_cave, dk_yredelemnul_ordeal, serial_shops,
          nicolae_shop_bloodbath_and_beyond, minmay_fractal_squares_gapless_5,
          uniq_pikel

Skill      XL: |  1  2  3 |
---------------+----------+-----
Dodging        | 2 |  2.1
Summonings     | 5 |  5.1
Fighting       | |  0.3
Short Blades   | |  0.2
Ranged Weapons | |  0.4
Armour         | |  0.1
Stealth        | |  1.9
Spellcasting   | |  2.6

Action                   |  1- 3 |  4- 6 || total
-------------------------+-------+-------++-------
Melee: Dagger            |    32 |    12 ||    44
       Club              |     2 |       ||     2
       Unarmed           |     1 |       ||     1
       Headbutt          |     1 |     1 ||     2
       Arbalest          |       |     1 ||     1
 Fire: Arbalest          |       |    26 ||    26
 Cast: Summon Small Mamm |    31 |    17 ||    48
       Call Imp          |     7 |     4 ||    11
Armor: Robe              |    17 |       ||    17
       Leather armour    |       |    22 ||    22
Dodge: Dodged            |    53 |    24 ||    77
Block: Other             |     1 |     7 ||     8
       Reflection        |       |     1 ||     1
